 Dungeon Crawl Stone Soup version 0.30.1-4-g462c640d31 (webtiles) character file.

Game seed: 9585093346922396085

847 GordonOverkill the Conjurer (level 8, -1/51 HPs)
             Began as a Gargoyle Conjurer on Aug 18, 2023.
             Killed from afar by an acid dragon (16 damage)
             ... with a splash of acid
             ... on level 7 of the Dungeon.
             The game lasted 00:12:17 (4627 turns).

GordonOverkill the Conjurer (Gargoyle Conjurer)     Turns: 4627, Time: 00:12:18

Health: -1/51      AC:  8    Str: 11    XL:     8   Next: 0%
Magic:  15/15      EV: 11    Int: 21    God:
Gold:   128        SH:  0    Dex:  8    Spells: 11/17 levels left

rFire   . . .        d - +0 dagger
rCold   . . .        (no shield)
rNeg    + . .        a - +0 robe
rPois   ∞            (no helmet)
rElec   +            l - +0 cloak
rCorr   .            (no gloves)
SInv    .            (no boots)
Will    .....        (no amulet)
Stlth   ++           (no ring)
HPRegen 0.28/turn    (no ring)
MPRegen 0.14/turn

%: no passive effects
@: very slightly contaminated
A: sickness immunity, AC +5, negative energy resistance 1, electricity
resistance, torment resistance 1, petrification resistance
a: no special abilities


You were on level 7 of the Dungeon.
You visited 1 branch of the dungeon, and saw 5 of its levels.

You collected 128 gold pieces.

Inventory:

Hand Weapons
 d - a +0 dagger (weapon)
Missiles
 k - a throwing net
Armour
 a - a +0 robe (worn)
 l - a +0 cloak (worn)
Magical Staves
 r - a staff of fire
Wands
 n - a wand of digging (8)
 p - a wand of polymorph (1)
Scrolls
 c - a scroll of enchant weapon
 e - a scroll of fog
 f - a scroll of identify
 i - a scroll of teleportation
 m - a scroll of vulnerability
 o - a scroll of fear
Potions
 g - a potion of brilliance
 h - a potion of berserk rage
 j - a potion of lignification
 q - a potion of curing


   Skills:
 + Level 5.8 Fighting
 - Level 1.5 Dodging
 - Level 2.1 Stealth
 - Level 5.0 Spellcasting
 - Level 6.0 Conjurations
 - Level 2.0 Hexes


You had 11 spell levels left.
You knew the following spells:

 Your Spells              Type           Power      Damage    Failure   Level
a - Magic Dart            Conj           100%       1d8       1%          1
b - Searing Ray           Conj           60%        2d6       1%          2
c - Dazzling Flash        Conj/Hex       44%        N/A       6%          3

Your spell library contained the following spells:

 Spells                   Type           Power      Damage    Failure   Level
 Fulminant Prism          Conj/Hex       11%        3d9       21%         4
 Iskenderun's Mystic Bla  Conj/Tloc      17%        2d5       30%         4


Dungeon Overview and Level Annotations

Branches:
Dungeon (4/15)
 Temple: D:4-7

Altars:
Dithmenos
Elyvilon
Gozag
Hepliaklqana

Shops:
D:2 !


Innate Abilities, Weirdness & Mutations

You are immune to sickness and miasma.
Your stone body is resilient. (AC +5)
You are immune to poison.
You resist negative energy. (rN+)
You are resistant to electric shocks. (rElec)
You are resistant to unholy torment.
You are immune to petrification.


Message History

You closely miss the acid dragon.
The acid dragon is lightly wounded.
The acid dragon closely misses you. The acid dragon barely misses you.
Casting: Dazzling Flash (dangerous; 6% risk of failure)
Confirm with . or Enter, or press ? or * to list all spells.
Aiming: Searing Ray (safe; 1% risk of failure)
Press: ? - help, Shift-Dir - straight line, f - acid dragon
Aim: an acid dragon (lightly wounded, blind, 79% to hit)
The searing ray misses the acid dragon. (Press . to maintain the ray.)
The acid dragon bites you. The acid dragon closely misses you.
The searing ray hits the acid dragon.
The acid dragon is lightly wounded.
The acid dragon spits acid at you. The splash of acid hits you!!
* * * LOW HITPOINT WARNING * * *
The searing ray hits the acid dragon but does no damage.
The acid dragon is lightly wounded.
The acid dragon is no longer blind.
The acid dragon closely misses you.
The acid dragon claws you but does no damage.
The searing ray hits the acid dragon but does no damage.
The acid dragon is lightly wounded.
You finish channelling your searing ray.
The acid dragon bites you.
* * * LOW HITPOINT WARNING * * *
The acid dragon claws you.
* * * LOW HITPOINT WARNING * * *
Okay, then.
Casting: Searing Ray (safe; 1% risk of failure)
Confirm with . or Enter, or press ? or * to list all spells.
Casting: Dazzling Flash (dangerous; 6% risk of failure)
Press: ? - help, Dir - look around, f - activate You miscast Dazzling Flash.
You are very lightly contaminated with residual magic.
Nothing appears to happen.
The acid dragon barely misses you.
The acid dragon claws you but does no damage.
Magic courses through your body. The acid dragon spits acid at you.
The splash of acid hits you!
You die...

............####........#
...........# #.........
.......# #........#
...... ####........#
#.....##.#.#.####### ..##
#.......# #.## ##.#.#.##
#..###.......#
#@#..#.#.#.##
#.D.........#
#.....#.#.#.#..
#..†.............
#......#.#.#.#...
#................
#.......#.#.#.#.
#..............
........#.#.#.


You could see an acid dragon (catching breath).

Vanquished Creatures
  Menkaure (D:7)
  A water moccasin (D:3)
  An ice beast (D:7)
  A sky beast (D:7)
  A black bear (D:7)
  A tengu (D:7)
  A jelly (D:7)
  A hound (D:7)
  Jessica (D:3)
  An iguana (D:7)
  Ijyb (D:3)
  Terence (D:3)
  3 adders
  A worm (D:2)
  2 dart slugs (D:1)
  6 orcs (D:3)
  4 ball pythons
  8 bats
  4 endoplasms
  3 giant cockroaches
  8 hobgoblins
  2 jackals (D:1)
  3 kobolds (D:1)
  3 quokkas
  5 frilled lizards
  7 goblins
  7 rats
78 creatures vanquished.

Notes
Turn   | Place    | Note
-------+----------+-------------------------------------------
     0 | D:1      | GordonOverkill the Gargoyle Conjurer began the quest for
                  | the Orb.
     0 | D:1      | Reached XP level 1. HP: 10/10 MP: 3/3
   258 | D:1      | Reached XP level 2. HP: 10/16 MP: 0/5
   276 | D:1      | Reached skill level 1 in Fighting
   424 | D:1      | Found a faded altar of an unknown god.
   687 | D:1      | Reached XP level 3. HP: 14/20 MP: 1/6
  1045 | D:1      | Learned a level 2 spell: Searing Ray
  1405 | D:2      | Found Unier's Distillery.
  1840 | D:2      | Reached skill level 5 in Conjurations
  2017 | D:2      | Reached XP level 4. HP: 26/26 MP: 6/8
  2279 | D:3      | Learned a level 3 spell: Dazzling Flash
  2286 | D:3      | Found a white marble altar of Elyvilon.
  2510 | D:3      | Noticed Ijyb
  2510 | D:3      | Noticed Jessica
  2515 | D:3      | Killed Jessica
  2518 | D:3      | Killed Ijyb
  2519 | D:3      | Reached XP level 5. HP: 31/31 MP: 9/9
  2696 | D:3      | Noticed a water moccasin
  2701 | D:3      | Killed a water moccasin
  2702 | D:3      | Reached skill level 1 in Hexes
  2702 | D:3      | Reached XP level 6. HP: 37/37 MP: 3/11
  2928 | D:3      | Found a shadowy altar of Dithmenos.
  2929 | D:3      | Found an opulent altar of Gozag.
  2930 | D:3      | Found a hazy altar of Hepliaklqana.
  3599 | D:3      | Noticed Terence
  3609 | D:3      | Killed Terence
  3804 | D:4      | You fall into a shaft and drop 3 floors!
  3867 | D:7      | Noticed a black bear
  3880 | D:7      | Noticed Prince Ribbit
  3884 | D:7      | Killed a black bear
  3886 | D:7      | Prince Ribbit changed into Prince Ribbit the tengu
  3886 | D:7      | Noticed Prince Ribbit
  3899 | D:7      | Killed Prince Ribbit the tengu
  3900 | D:7      | Reached skill level 6 in Conjurations
  3900 | D:7      | Reached XP level 7. HP: 39/43 MP: 1/13
  3989 | D:7      | Noticed Menkaure
  3994 | D:7      | Killed Menkaure
  4210 | D:7      | Reached skill level 5 in Fighting
  4497 | D:7      | Reached skill level 5 in Spellcasting
  4564 | D:7      | Reached XP level 8. HP: 51/51 MP: 8/15
  4612 | D:7      | Noticed a hornet
  4619 | D:7      | a hornet changed into an acid dragon
  4627 | D:7      | Killed from afar by an acid dragon

Illustrated notes

Levels and vault maps discovered:
D:1:      minmay_arrival_loop, layout_rooms,
          hellmonk_ecumenical_altar_inner_sanctum
D:2:      layout_loops_ring, serial_shops, shop
D:3:      layout_basic, elyvilon_altar_4, gammafunk_temple_overflow_forgotten,
          uniq_ijyb, uniq_terence, uniq_jessica
D:4:      layout_cave_pools, serial_shops, shop, minivault_4
D:7:      layout_cave_pods, st_stairs_12, grunt_ministairs_2,
          uniq_prince_ribbit1, uniq_menkaure

Skill      XL: |  1  2  3  4  5  6  7 |
---------------+----------------------+-----
Fighting       | 1 2 3 4 5 |  5.8
Conjurations   | 5 6 |  6.0
Spellcasting   | 3 4 5 |  5.0
Hexes          | 1 2 |  2.0
Dodging        | |  1.5
Stealth        | |  2.1

Action                     |  1- 3 |  4- 6 |  7- 9 || total
---------------------------+-------+-------+-------++-------
  Melee: Dagger            |    31 |    14 |     1 ||    46
         Unarmed           |     1 |     6 |       ||     7
         Punch             |       |     1 |       ||     1
   Cast: Magic Dart        |    84 |    33 |     9 ||   126
         Searing Ray       |       |     7 |    10 ||    17
         Dazzling Flash    |       |     1 |     1 ||     2
  Evoke: Wand              |       |     2 |     1 ||     3
    Use: Scroll            |       |     9 |       ||     9
         Potion            |       |     2 |     1 ||     3
   Stab: Sleeping          |     1 |       |       ||     1
         Invisible         |       |     1 |       ||     1
 Armour: Robe              |    22 |    22 |     7 ||    51
  Dodge: Dodged            |    23 |    34 |    11 ||    68
